 Dungeon Crawl Stone Soup version 0.30.1-11-g7821555f0a (webtiles) character file.

Game seed: 15229664232040461665

39 draconitix the Grave Robber (level 3, -3/24 HPs)
             Began as a Mummy Necromancer on Nov 16, 2023.
             Slain by a worm (7 damage)
             ... on level 2 of the Dungeon.
             The game lasted 00:07:15 (989 turns).

draconitix the Grave Robber (Mummy Necromancer)      Turns: 989, Time: 00:07:15

Health: -3/24      AC:  5    Str: 11    XL:     3   Next: 28%
Magic:  0/7        EV: 12    Int: 16    God:
Gold:   102        SH:  0    Dex: 12    Spells: 7/8 levels left

rFire   x . .        (no weapon)
rCold   + . .        (no shield)
rNeg    + + +        a - +1 robe
rPois   ∞            g - +0 helmet
rElec   .            b - +0 cloak
rCorr   .            (no gloves)
SInv    .            (no boots)
Will    .....        (no amulet)
Stlth   ++           (no ring)
HPRegen 0.24/turn    (no ring)
MPRegen 0.10/turn

%: faith
@: no status effects
A: cold resistance 1, negative energy resistance 3, torment resistance 2, heat
vulnerability 1, in touch with death 1, no potions, faith
a: no special abilities


You were on level 2 of the Dungeon.
You visited 1 branch of the dungeon, and saw 2 of its levels.

You collected 102 gold pieces.

Inventory:

Armour
 a - a +1 robe (worn)
 b - a +0 cloak (worn)
 e - a +0 ring mail
 g - a +0 helmet (worn)
Scrolls
 f - a scroll of identify {unknown}
Potions
 c - a potion of haste {unknown}
 d - a potion of heal wounds {unknown}


   Skills:
 + Level 2.0 Dodging
 + Level 2.0 Stealth
 * Level 3.4 Spellcasting
 * Level 4.3 Necromancy


You had 7 spell levels left.
You knew the following spells:

 Your Spells              Type           Power      Damage    Failure   Level
a - Necrotise             Necr           100%       1d9       3%          1

Your spell library contained the following spells:

 Spells                   Type           Power      Damage    Failure   Level
 Vampiric Draining        Necr           25%        2d7       9%          3
 Animate Dead             Necr           25%        N/A       30%         4
 Agony                    Necr           25%        N/A       63%         5


Dungeon Overview and Level Annotations

Branches:
Dungeon (2/15)

Altars:


Innate Abilities, Weirdness & Mutations

You are immune to poison.
Your flesh is cold resistant. (rC+)
You are immune to negative energy. (rN+++)
You are immune to unholy pain and torment.
You are vulnerable to heat. (rF-)
You are in touch with the powers of death.
You do not drink.
You have a special connection with the divine. (Faith)


Message History

You hit the worm but do no damage.
The worm is severely wounded.
Your hobgoblin skeleton hits the worm.
You hit the worm but do no damage.
The worm is severely wounded.
The worm bites your hobgoblin skeleton. The worm closely misses you.
You hit the worm.
The worm is severely wounded.
Your hobgoblin skeleton hits the worm.
The worm bites you but does no damage. The worm bites your hobgoblin skeleton.
Your hobgoblin skeleton is destroyed!
Casting: Necrotise (safe; 3% risk of failure)
Confirm with . or Enter, or press ? or * to list all spells.
Aiming: Necrotise (safe; 3% risk of failure)
Press: ? - help, Shift-Dir - straight line, f - worm
Aim: a worm (severely wounded, chance to affect: 88%)
You feel a surge of power!
The worm barely resists.
Casting: Necrotise (safe; 3% risk of failure)
Confirm with . or Enter, or press ? or * to list all spells.
Aiming: Necrotise (safe; 3% risk of failure)
Press: ? - help, Shift-Dir - straight line, f/p - worm
Aim: a worm (severely wounded, chance to affect: 88%)
You feel a surge of power!
The worm writhes in agony.
The worm barely misses you.
Unknown command.
Casting: Necrotise (safe; 3% risk of failure)
Confirm with . or Enter, or press ? or * to list all spells.
Aiming: Necrotise (safe; 3% risk of failure)
Press: ? - help, Shift-Dir - straight line, f/p - worm
Aim: a worm (almost dead, chance to affect: 88%)
You feel a surge of power!
The worm writhes in agony.
You kill the worm!
Your Dodging skill increases to level 2!
You hit the worm.
The worm is lightly wounded.
The worm barely misses you.
You hit the worm.
The worm is lightly wounded.
The worm bites you!
You die...

#### #..
#.####
####+#@...#
#....†w...#
#........##.#
#...........#
#........####
#........#
#........#
#........#
..........#


You could see a worm.

Vanquished Creatures
  An adder (D:2)
  A worm (D:2)
  3 bats (D:1)
  A giant cockroach (D:1)
  2 goblins (D:1)
  5 hobgoblins
  2 jackals (D:1)
  2 ball pythons (D:1)
  2 kobolds (D:1)
  A rat (D:2)
20 creatures vanquished.

Vanquished Creatures (collateral kills)
  A hobgoblin (D:1)
  A jackal (D:1)
  A kobold (D:1)
  A ball python (D:1)
  2 rats (D:1)
6 creatures vanquished.

Grand Total: 26 creatures vanquished

Notes
Turn   | Place    | Note
-------+----------+-------------------------------------------
     0 | D:1      | draconitix the Mummy Necromancer began the quest for the
                  | Orb.
     0 | D:1      | Reached XP level 1. HP: 13/13 MP: 4/4
   334 | D:1      | Reached XP level 2. HP: 5/19 MP: 1/6
   969 | D:2      | Gained mutation: You are in touch with the powers of death.
                  | [Mummy growth]
   969 | D:2      | Reached XP level 3. HP: 15/24 MP: 4/7
   989 | D:2      | Slain by a worm

Illustrated notes

Levels and vault maps discovered:
D:1:      dpeg_arrival_rooms_c, layout_rooms, serial_bayou_crossing
D:2:      layout_basic, minmay_bisected

Skill      XL: |  1  2  3 |
---------------+----------+-----
Spellcasting   | 3 |  3.4
Stealth        | 2 |  2.0
Dodging        | 2 |  2.0
Necromancy     | |  4.3

Action                     || total
---------------------------++-------
  Melee: Unarmed           ||    91
         Punch             ||     1
   Cast: Necrotise         ||    24
    Use: Scroll            ||     1
   Stab: Distracted        ||     1
 Armour: Robe              ||    32
  Dodge: Dodged            ||    73
